Map: Ulrena

Players

Gremory - Winner!

  • Race: Zerg Zerg
  • League: Master

Miszu

  • Race: Terran Terran
  • League: Master

VOD

Have the link to the VOD?

Description

Time

  • Played on: April 26, 2016, 12:39 p.m.
  • Length: 14:32
Show
View Real Time Build Order
Export as new Build Order

Gremory Zerg - Winner!

Build Orders: Pool First 

Get SALT Encoding   

  12  0:20  Spawning Pool  
  11  0:23  Drone  
  11  0:27  Drone  
  13  0:31  Drone  
  14  0:41  Overlord  
  14  1:07  Zergling x6  
  17  1:18  Zergling x2  
  18  1:26  Hatchery  
  18  1:32  Zergling x2  
  18  1:41  Zergling x2, Queen  
  18  1:44  Extractor  
  20  1:55  Zergling x2  
  19  2:21  Drone x2  
  19  2:22  Queen  
  20  2:28  Drone  
  20  2:38  Drone x2  
  20  2:39  Queen  
  24  2:44  Drone  
  24  2:50  Drone  
  26  2:56  Drone  
  27  3:01  Drone  
  28  3:06  Overlord  
  28  3:22  Overlord  
  28  3:24  Drone x4  
  32  3:34  Drone x4  
  36  3:42  Drone x2  
  38  3:59  Hatchery  
  38  4:02  Drone x2  
  38  4:08  Drone x2  
  40  4:11  Roach Warren  
  40  4:12  Queen  
  41  4:18  Overlord  
  41  4:21  Drone  
  41  4:23  Drone  
  43  4:27  Lair  
  43  4:36  Drone x2  
  43  4:37  Drone  
  43  4:38  Extractor  
  45  4:41  Drone  
  45  4:42  Evolution Chamber  
  45  4:43  Evolution Chamber  
  44  4:46  Drone  
  44  4:47  Drone  
  46  4:53  Spore Crawler  
  46  4:57  Roach x3  
  51  5:20  Extractor  
  50  5:21  Extractor  
  50  5:26  Drone  
  50  5:27  Zerg Missile Weapons Level 1, Drone x2, Zerg Ground Armor Level 1  
  52  5:37  Overlord, Glial Reconstitution  
  52  5:38  Drone x5  
  52  5:42  Overseer  
  57  5:49  Overlord x2  
  57  5:55  Overlord x3  
  57  6:12  Drone x8  
  57  6:15  Ravager x3  
  68  6:20  Roach x4  
  76  6:30  Roach, Drone x2  
  76  6:31  Drone x2  
  82  6:35  Drone x2  
  82  6:36  Drone  
  85  6:40  Overlord  
  85  6:41  Roach  
  85  6:44  Roach  
  85  6:45  Extractor  
  88  6:47  Extractor  
  88  6:50  Roach  
  88  6:52  Overlord x2  
  89  6:57  Overlord  
  89  6:59  Drone x2  
  89  7:00  Drone x3  
  94  7:03  Overlord  
  94  7:05  Roach  
  94  7:08  Overlord  
  96  7:15  Overlord  
  96  7:16  Roach  
  96  7:17  Roach x3  
  96  7:21  Overseer  
  104  7:23  Roach x3  
  104  7:24  Ravager x2  
  104  7:28  Roach x2  
  117  7:30  Ravager x2  
  117  7:31  Roach  
  117  7:36  Overlord x2  
  120  7:37  Roach  
  122  7:47  Zerg Missile Weapons Level 2  
  122  7:49  Roach x4  
  132  7:51  Roach  
  132  7:55  Zerg Ground Armor Level 2  
  132  7:57  Drone  
  133  8:07  Roach x5  
  143  8:19  Roach x5  
  153  8:20  Overlord x2  
  153  8:29  Overlord x2  
  153  8:33  Overlord x2  
  153  8:35  Overseer  
  153  8:46  Roach x7  
  167  8:51  Ravager  
  167  8:52  Ravager x5  
  167  8:53  Roach  
  179  8:55  Roach x2  
  179  8:58  Roach  
  179  9:02  Roach x2  
  185  9:16  Roach x8  
  140  9:29  Roach x7  
  154  9:34  Roach  
  154  9:35  Roach x2  
  154  9:36  Ravager  
  154  9:37  Ravager  
  162  9:38  Roach  
  164  9:46  Roach  
  164  9:48  Ravager  
  164  9:51  Ravager  
  168  9:54  Roach x3  
  168  9:57  Hatchery  
  168  9:58  Roach x2  
  177  10:01  Roach x2  
  177  10:16  Roach x8  
  177  10:20  Roach  
  177  10:21  Roach  
  183  10:33  Roach x5  
  146  10:38  Roach x2  
  146  10:41  Roach  
  143  10:45  Roach  
  143  10:46  Ravager  
  143  10:47  Ravager x3  
  149  10:54  Roach x4  
  157  10:59  Roach x2  
  157  11:00  Roach  
  157  11:01  Overlord  
  163  11:07  Roach  
  163  11:10  Roach x3  
  127  11:18  Roach x3  
  127  11:23  Roach  
  127  11:24  Roach x3  
  137  11:25  Roach  
  137  11:26  Roach  
  137  11:27  Ravager  
  133  11:34  Roach x6  
  139  11:45  Roach x3  
  139  11:46  Roach x3  
  147  11:50  Roach x2  
  149  11:54  Roach x2  
  149  11:56  Ravager x2  
  149  11:58  Ravager  
  156  12:03  Extractor  
  156  12:04  Roach  
  156  12:05  Roach x2  
  156  12:07  Ravager  
  162  12:11  Roach  
  162  12:12  Roach x2  
  162  12:15  Roach x2  
  172  12:18  Ravager  
  172  12:20  Roach  
  175  12:25  Roach x3  
  185  12:30  Roach x2  
  185  12:32  Ravager  
  185  12:33  Roach  
  175  12:45  Roach x4  
  175  12:46  Roach x3  
  173  12:51  Roach  
  173  12:52  Roach x2  
  136  13:09  Roach x8  
  121  13:29  Roach x9  
  126  13:36  Extractor  
  123  13:42  Roach  
  123  13:43  Roach x4  
  133  13:51  Ravager x8  
  133  13:52  Ravager  
  133  13:53  Roach  
  144  14:04  Ravager x3  
  144  14:06  Roach  
Show
View Real Time Build Order
Export as new Build Order

Miszu Terran 

Build Orders: Liberator Opening, Reaper Expand, MMM Bio 

Get SALT Encoding   

  12  0:00  SCV  
  13  0:12  SCV  
  14  0:18  Supply Depot  
  14  0:24  SCV  
  15  0:39  SCV  
  15  0:41  Barracks  
  16  0:45  Refinery  
  16  0:51  SCV  
  17  1:04  SCV  
  18  1:16  SCV  
  19  1:28  Orbital Command  
  19  1:29  Reaper  
  20  1:41  Command Center  
  20  1:50  Supply Depot  
  18  2:02  SCV  
  18  2:03  Command Center  
  18  2:18  Marine  
  18  2:28  SCV  
  19  2:33  Supply Depot  
  19  2:36  Factory  
  19  2:40  SCV  
  20  2:44  Refinery  
  20  2:50  Marine  
  21  2:52  SCV  
  22  3:04  SCV  
  23  3:13  Barracks Reactor  
  23  3:16  SCV  
  24  3:25  Starport  
  24  3:27  Orbital Command  
  24  3:28  SCV  
  24  3:35  Factory Tech Lab  
  24  3:41  SCV  
  25  3:43  Liberator  
  25  3:50  Orbital Command  
  25  3:53  SCV  
  26  3:55  Marine x2  
  26  3:58  Bunker  
  31  4:05  SCV  
  32  4:13  Marine x2  
  32  4:15  Supply Depot  
  32  4:16  SCV  
  35  4:17  SCV  
  35  4:19  Siege Tank  
  39  4:27  Liberator  
  39  4:28  SCV  
  39  4:29  SCV  
  41  4:34  Marine x2  
  43  4:40  SCV  
  43  4:41  SCV  
  49  4:52  SCV  
  49  4:53  SCV  
  49  4:55  Command Center  
  50  5:04  SCV  
  50  5:05  SCV  
  52  5:17  SCV x2  
  53  5:29  SCV  
  53  5:30  Barracks  
  53  5:31  Barracks  
  53  5:35  Refinery  
  54  5:36  Starport Reactor  
  54  5:37  Refinery  
  54  5:38  Engineering Bay  
  54  5:40  Engineering Bay  
  54  5:42  SCV x2  
  54  5:44  Supply Depot  
  54  5:47  Supply Depot  
  54  5:56  Barracks  
  54  5:59  Barracks  
  54  6:05  Marine x2, SCV x2  
  54  6:08  Terran Infantry Armor Level 1  
  54  6:09  Terran Infantry Weapons Level 1  
  59  6:12  Orbital Command  
  59  6:17  SCV x2  
  60  6:23  Marine  
  61  6:26  Medivac x2  
  61  6:29  Siege Tank, SCV x2  
  70  6:35  Marine  
  70  6:36  Barracks Tech Lab x2  
  71  6:41  Marine, SCV  
  74  6:52  Supply Depot, Marine  
  74  6:53  Supply Depot  
  74  6:54  Barracks Reactor x2  
  74  6:55  Stimpack  
  74  6:56  Marine, Medivac  
  74  6:59  Marine  
  74  7:00  Marine  
  79  7:10  Marine  
  79  7:13  Siege Tank  
  79  7:14  Marine  
  84  7:16  Marine  
  84  7:17  Supply Depot  
  84  7:18  Marine  
  84  7:20  Supply Depot, SCV  
  87  7:28  Marine, Armory  
  88  7:32  Marine x4  
  88  7:34  Marine  
  88  7:35  SCV  
  88  7:36  SCV  
  97  7:38  Combat Shields  
  97  7:40  Orbital Command  
  97  7:41  Marauder x2  
  99  7:46  Marine  
  99  7:47  Supply Depot, SCV  
  99  7:48  SCV  
  99  7:50  Supply Depot  
  102  7:52  Marine  
  102  7:57  Marine x3  
  106  7:59  SCV  
  106  8:00  SCV  
  108  8:09  Marauder x2  
  108  8:11  SCV  
  108  8:12  Supply Depot, SCV x2  
  115  8:23  SCV  
  115  8:24  Medivac, Siege Tank  
  115  8:26  Terran Infantry Armor Level 2  
  121  8:27  Terran Infantry Weapons Level 2  
  121  8:37  Supply Depot, SCV x3  
  121  8:38  Supply Depot  
  124  8:42  Marauder  
  124  8:44  Medivac  
  124  8:47  Marauder  
  130  8:49  SCV x2  
  130  8:55  Marine x4  
  135  8:56  Marine  
  135  8:59  Marine  
  138  9:04  Refinery, Marauder  
  138  9:05  Supply Depot  
  138  9:06  Refinery  
  138  9:07  Supply Depot  
  138  9:08  Marauder  
  112  9:25  Marauder  
  112  9:29  Marine x5  
  112  9:30  Siege Tank, Marauder  
  124  9:33  Medivac  
  126  9:38  Terran Vehicle Weapons Level 1  
  126  9:39  Marine  
  127  9:47  Marine x2, Marauder  
  127  9:49  Barracks  
  127  9:50  Barracks  
  127  9:51  Marauder, Barracks  
  133  9:53  Marine  
  134  10:02  Siege Tank, Orbital Command  
  137  10:08  Marauder  
  137  10:13  Marauder  
  139  10:22  Marine x5  
  139  10:23  Marine, Medivac x2  
  146  10:29  Marauder  
  146  10:34  Siege Tank, Marauder  
  129  10:39  Marine  
  129  10:42  Marine x8  
  135  10:51  Marauder  
  135  10:53  Medivac  
  135  10:55  Marauder  
  141  10:57  Marine  
  115  11:12  Marauder  
  115  11:17  Marauder  
  100  11:24  Marine  
  99  11:29  Marine x5  
  99  11:30  Marine x3  
  106  11:34  Marauder  
  106  11:38  Marauder  
  108  11:42  Marine  
  105  11:50  Marine  
  105  11:51  Marine x5  
  110  11:54  Marine  
  110  11:55  Marine, Marauder  
  110  11:59  Marauder  
  110  12:00  Siege Tank  
  119  12:16  Marauder  
  119  12:20  Marine x2, Medivac x2  
  119  12:21  Marine x3, Marauder  
  119  12:22  Marine  
  133  12:26  Marine x3  
  136  12:38  Marine x2, Marauder  
  136  12:42  Marauder  
  136  12:46  Orbital Command  
  115  12:58  Marine  
  63  13:25  Marine  
  49  13:27  Marine x9  
  49  13:28  Marine, Medivac  
  49  13:29  Medivac  
  54  13:43  Marine  
  54  13:45  Marine x10  
  62  13:56  SCV x2  
  62  13:57  SCV  
  62  14:01  Marine  
  62  14:02  Marine  
  66  14:03  Marine x5  
  66  14:04  Marauder x2  
  66  14:08  SCV  
  66  14:09  SCV  
Tags
 
Add a new tag
Caveats
  • Supply blocks, unpowered buildings, or Contaminate may cause inaccurate times.
  • Supply counts are checked every 10 seconds.